 Dungeon Crawl Stone Soup version 0.29-a0-334-gb41bcbb86e (webtiles) character file.

Game seed: 10318985408387661574

18032 rageheart7 the Cruncher (level 12, -4/79 HPs)
             Began as a Gargoyle Gladiator on Apr 15, 2022.
             Was an Initiate of Ashenzari.
             Collided with a stone wall (6 damage)
             ... caused by a rakshasa (illusionary)
             ... on level 10 of the Dungeon.
             The game lasted 00:18:53 (12846 turns).

rageheart7 the Cruncher (Gargoyle Gladiator)       Turns: 12846, Time: 00:18:54

Health: -4/79      AC: 24    Str: 28    XL:     12   Next: 54%
Magic:  21/21      EV: 12    Int:  9    God:    Ashenzari [......]
Gold:   611        SH:  0    Dex: 11    Spells: 23/23 levels left

rFire   . . .      SeeInvis +   l - +5 quarterstaff (chaos)
rCold   . . .      Faith    +   (shield currently unavailable)
rNeg    + + .      Spirit   .   F - +0 steam dragon scales
rPois   ∞          Reflect  .   c - +0 helmet
rElec   +          Harm     .   u - +0 cloak
rCorr   .          Rampage  .   (no gloves)
Will    .....                   C - +1 pair of boots
Stlth   +.........              A - amulet "Oracle of the Heavens" {Faith Drain rElec Str+5 SInv, Self, Bglg} (curse)
HPRegen 0.23/turn               f - +4 ring of protection
MPRegen 0.17/turn               y - ring of positive energy

@: studying Shields
A: sickness immunity, AC +8, negative energy resistance 1, electricity
resistance, torment resistance 1, petrification resistance
a: Renounce Religion, Shatter the Chains


You were on level 10 of the Dungeon.
You worshipped Ashenzari.
Ashenzari was noncommittal.
You visited 2 branches of the dungeon, and saw 11 of its levels.

You collected 611 gold pieces.

Inventory:

Hand Weapons
 l - a +5 quarterstaff of chaos (weapon)
Missiles
 d - 8 throwing nets (quivered)
 e - a javelin
Armour
 c - a +0 helmet (worn)
 u - a +0 cloak (worn)
 C - a +1 pair of boots (worn)
 F - +0 steam dragon scales (worn)
 M - a +0 plate armour
Jewellery
 f - a +4 ring of protection (left hand)
 x - an amulet of regeneration
 y - a ring of positive energy (right hand)
 A - the cursed amulet "Oracle of the Heavens" (around neck) {Faith Drain rElec Str+5 SInv, Self, Bglg}
   (You found it on level 5 of the Dungeon)

   [amulet of faith]

   It allows you to gain divine favour quickly.
   Str:       It affects your strength (+5).
   rElec:     It insulates you from electricity.
   SInv:      It lets you see invisible.
   Drain:     It drains your maximum health when unequipped.
   It has a curse which improves the following skills: Introspection: Fighting
   and Spellcasting.
   Beguiling: Conjurations, Hexes and Translocations.
 B - a ring of flight
 D - a ring of resist corrosion
 J - an amulet of magic regeneration
Wands
 a - a wand of digging (14)
 b - a wand of flame (7)
 v - a wand of paralysis (19)
 L - a wand of charming (1)
Scrolls
 g - 6 scrolls of teleportation
 k - 2 scrolls of fear
 o - 2 scrolls of blinking
 r - a scroll of enchant armour
 w - 2 scrolls of fog
 E - a scroll of vulnerability
 I - a scroll of amnesia
Potions
 h - a potion of invisibility {unknown}
 i - 2 potions of heal wounds
 m - a potion of brilliance
 n - 3 potions of flight
 p - 2 potions of curing {unknown}
 q - 2 potions of cancellation
 s - 3 potions of lignification
 t - a potion of berserk rage {unknown}
 z - 3 potions of haste
 H - 2 potions of mutation {unknown}
 K - a potion of might


   Skills:
 + Level 10.3(10.7) Fighting
 - Level 14.0 Staves
 - Level 1.7 Throwing
 + Level 7.1 Armour
 - Level 2.4 Dodging
 - Level 11.5 Shields
 + Level 5.9(6.4) Spellcasting


You had 23 spell levels left.
You didn't know any spells.
Your spell library contained the following spells:

 Spells                   Type           Power      Damage    Failure   Level
 Animate Skeleton         Necr           4%         N/A       22%         1
 Apportation              Tloc           4%         N/A       22%         1
 Freeze                   Ice            8%         1d3       22%         1
 Pain                     Necr           8%         1d4       22%         1
 Summon Small Mammal      Summ           8%         N/A       22%         1
 Frozen Ramparts          Ice            4%         1d2       54%         3
 Ozocubu's Armour         Ice            2%         N/A       54%         3
 Vampiric Draining        Necr           2%         2d6       54%         3
 Hailstorm                Conj/Ice       2%         3d3       91%         4
 Metabolic Englaciation   Hex/Ice        1%         N/A       99%         5
 Simulacrum               Ice/Necr       1%         N/A       100%        6


Dungeon Overview and Level Annotations

Branches:
Dungeon (10/15)            Temple (1/1) D:6            Lair (0/6) D:10
    Orc: D:9-12

Altars:
Ashenzari
Cheibriados
Dithmenos
Elyvilon
Fedhas
Gozag
Hepliaklqana
Kikubaaqudgha
Makhleb
Nemelex Xobeh
Okawaru
Qazlal
Ru
Sif Muna
Trog
Uskayaw
Vehumet
Wu Jian
Xom
Yredelemnul
Zin
The Shining One
Beogh

Shops:
D:10 (

Annotations:
D:5 1 runed translucent door, FacelessVoid's ghost, novice DsGl
D:10 exclusion: oklob plant


Innate Abilities, Weirdness & Mutations

You are immune to sickness and miasma.
Your stone body is resilient. (AC +8)
You are immune to poison.
You resist negative energy. (rN+)
You are resistant to electric shocks. (rElec)
You are resistant to unholy torment.
You are immune to petrification.


Message History

The rakshasa is moderately wounded.
You hit the rakshasa.
The rakshasa is heavily wounded.
The rakshasa barely misses you.
You sock the rakshasa!
The rakshasa's magic leaks into the air.
The rakshasa is heavily wounded.
The injured rakshasa weaves a defensive illusion!
The rakshasa hits you from afar with a +0 trident!
The rakshasa hits you but does no damage.
You hit the rakshasa.
The rakshasa convulses.
The rakshasa is severely wounded.
You hit the rakshasa. You burn the rakshasa.
The rakshasa is almost dead.
The rakshasa gestures at you. The lance of force misses you.
The rakshasa hits you from afar with a +0 trident!
The rakshasa closely misses you.
You sock the rakshasa! Lightning courses through the rakshasa!
You kill the rakshasa!
The rakshasa shimmers and vanishes!
The rakshasa's magic is no longer disrupted.
The rakshasa hits you with a +0 trident!
The rakshasa gestures at you.
The lance of force hits you but does no damage.
You see here 4 atropa-tipped darts.
You sock the rakshasa!
The rakshasa resists with almost no effort.
The rakshasa is severely wounded.
The rakshasa's magic is no longer disrupted.
The rakshasa hits you but does no damage. x2
You sock the rakshasa!
The rakshasa is almost dead.
The rakshasa blinks!
The rakshasa gestures at you. The lance of force hits you!!
* * * LOW HITPOINT WARNING * * *
You are knocked back by the lance of force.
You slam into the stone wall!
You die...

#.......#### #...
#.......# #...
#.......# #..<
#......## #...
#......###### #...
#...........# #...
####...####.########'
#... #...#
#.#........ ##..
#...# #.)@§R)...# #..
#...# #.#.R(.#### #..
#...# #.###### #..
#...# #.# ### #####
#.# #.. ###


You could see 2 rakshasas.

Vanquished Creatures
  Harold (D:10)
  2 two-headed ogres (D:10)
  An ogre mage (D:10)
  Erica (D:9)
  2 tengu warriors (D:10)
  Pikel (D:6)
  A harpy (shapeshifter) (D:6)
  A deep elf pyromancer (D:7)
  A cyclops (D:9)
  A manticore (D:10)
  Maggie (D:6)
  Prince Ribbit (D:5)
  4 hornets
  A vampire (D:9)
  A shadow (D:10)
  3 wraiths
  3 wyverns
  20 yaks
  2 steam dragons (D:8)
  Menkaure (D:5)
  An acid dragon (D:10)
  2 water moccasins
  Duvessa (D:5)
  4 sky beasts
  9 orc warriors
  6 ice beasts
  2 black bears (D:5)
  8 ogres
  A centaur (D:10)
  3 phantoms
  5 kobold brigands
  2 bullfrogs
  A necrophage (D:5)
  2 gnoll sergeants
  2 scorpions (D:6)
  5 wights (D:10)
  Dowan (D:5)
  2 killer bees (D:10)
  A howler monkey (D:10)
  The ghost of Manisian the Caller, a weakling TeSu (D:3)
  2 jellies
  6 hounds
  2 gnoll shamans
  5 orc priests
  Crazy Yiuf (D:3)
  3 iguanas
  7 orc wizards
  18 gnolls
  8 adders
  A river rat (D:5)
  A shadow imp (D:8)
  An ufetubus (D:5)
  2 worms
  6 dart slugs
  47 orcs
  3 endoplasms
  6 giant cockroaches
  9 goblins
  8 hobgoblins
  5 jackals
  21 kobolds
  3 quokkas
  4 ball pythons
  4 bats
  2 frilled lizards (D:1)
  4 rats
  A spectral goblin (D:7)
288 creatures vanquished.

Vanquished Creatures (collateral kills)
  A deep elf pyromancer (D:10)
  A meliai (shapeshifter) (D:10)
  2 orcs (D:8)
4 creatures vanquished.

Vanquished Creatures (others)
  8 plants
  2 withered plants (D:5)
10 creatures vanquished.

Grand Total: 302 creatures vanquished

Notes
Turn   | Place    | Note
-------+----------+-------------------------------------------
     0 | D:1      | rageheart7 the Gargoyle Gladiator began the quest for the
                  | Orb.
     0 | D:1      | Reached XP level 1. HP: 12/12 MP: 1/1
   243 | D:1      | Reached XP level 2. HP: 17/18 MP: 2/2
   461 | D:1      | Reached XP level 3. HP: 23/23 MP: 3/3
  1723 | D:2      | Reached skill level 4 in Staves
  1723 | D:2      | Reached XP level 4. HP: 26/28 MP: 4/4
  2166 | D:3      | Found a runed translucent door.
  2172 | D:3      | Noticed Manisian's ghost (weakling TeSu)
  2682 | D:3      | Found a runed translucent door.
  2683 | D:3      | Noticed Crazy Yiuf
  3001 | D:3      | Killed Crazy Yiuf
  3002 | D:3      | Reached XP level 5. HP: 15/33 MP: 5/5
  3287 | D:3      | Killed Manisian's ghost
  3658 | D:4      | Noticed an ogre
  3663 | D:4      | Killed an ogre
  3664 | D:4      | Reached skill level 5 in Fighting
  3664 | D:4      | Reached skill level 5 in Staves
  3664 | D:4      | Reached XP level 6. HP: 35/40 MP: 6/6
  4085 | D:4      | Reached XP level 7. HP: 45/45 MP: 7/7
  4319 | D:4      | Reached skill level 6 in Staves
  4847 | D:4      | You fall into a shaft and drop 2 floors!
  4872 | D:6      | Reached XP level 8. HP: 51/53 MP: 8/8
  4896 | D:6      | Reached skill level 7 in Staves
  4900 | D:5      | Entered Level 5 of the Dungeon
  5088 | D:5      | Found a runed translucent door.
  5088 | D:5      | Noticed FacelessVoid's ghost (novice DsGl)
  5188 | D:5      | Noticed Menkaure
  5193 | D:5      | Killed Menkaure
  5413 | D:5      | Reached skill level 8 in Staves
  5429 | D:5      | Reached XP level 9. HP: 40/60 MP: 9/9
  5540 | D:5      | Noticed Prince Ribbit
  5551 | D:5      | Killed Prince Ribbit
  5552 | D:5      | Reached skill level 1 in Shields
  5775 | D:5      | Noticed Duvessa
  5775 | D:5      | Noticed Dowan
  5787 | D:5      | Killed Duvessa
  5794 | D:5      | Killed Dowan
  5886 | D:5      | Reached skill level 9 in Staves
  5964 | D:5      | Identified the amulet of Cocuych {Faith Drain rElec Str+5
                  | SInv}
  6444 | D:6      | Noticed Pikel
  6458 | D:6      | Killed Pikel
  6459 | D:6      | Reached skill level 10 in Fighting
  6688 | D:6      | Found a staircase to the Ecumenical Temple.
  6762 | D:6      | Reached skill level 5 in Shields
  6762 | D:6      | Noticed a harpy
  6762 | D:6      | a shapeshifter changed into a harpy
  6766 | D:6      | Killed a harpy
  6767 | D:6      | Reached skill level 10 in Staves
  6767 | D:6      | Reached XP level 10. HP: 59/68 MP: 10/10
  6848 | D:6      | Noticed Maggie
  6872 | D:6      | Killed Maggie
  7189 | Temple   | Entered the Ecumenical Temple
  7531 | Temple   | Became a worshipper of Ashenzari the Shackled
  7679 | D:7      | Reached skill level 11 in Staves
  7799 | D:7      | Found a white marble altar of Elyvilon.
  7945 | D:7      | Found a hazy altar of Hepliaklqana.
  8282 | D:7      | Noticed a deep elf pyromancer
  8289 | D:7      | Killed a deep elf pyromancer
  8638 | D:8      | Reached skill level 12 in Staves
  9138 | D:8      | Reached skill level 10 in Shields
  9138 | D:8      | Reached XP level 11. HP: 72/72 MP: 11/11
  9959 | D:9      | Noticed a cyclops
  9969 | D:9      | Killed a cyclops
  9970 | D:9      | Reached skill level 13 in Staves
 10055 | D:9      | Noticed Erica
 10069 | D:9      | Killed Erica
 11105 | D:10     | Entered Level 10 of the Dungeon
 11135 | D:10     | Noticed a two-headed ogre
 11141 | D:10     | Noticed an ogre mage
 11147 | D:10     | Killed a two-headed ogre
 11148 | D:10     | Reached skill level 1 in Armour
 11148 | D:10     | Reached skill level 1 in Spellcasting
 11155 | D:10     | Killed an ogre mage
 11414 | D:10     | Reached skill level 14 in Staves
 11484 | D:10     | Noticed a two-headed ogre
 11512 | D:10     | Killed a two-headed ogre
 11658 | D:10     | Reached XP level 12. HP: 60/77 MP: 17/17
 11885 | D:10     | Noticed Harold
 11899 | D:10     | Reached skill level 5 in Armour
 11899 | D:10     | Found Igizo's Weapon Emporium.
 11934 | D:10     | Killed Harold
 11967 | D:10     | Reached skill level 5 in Spellcasting
 12361 | D:10     | Found a staircase to the Lair.
 12784 | D:10     | Noticed a tengu warrior
 12786 | D:10     | Noticed a tengu warrior
 12806 | D:10     | Killed a tengu warrior
 12822 | D:10     | Killed a tengu warrior
 12823 | D:10     | Noticed a rakshasa
 12846 | D:10     | HP: 2/79 [rakshasa (illusionary)/lance of force (28)]
 12846 | D:10     | Collided with a stone wall

Illustrated notes

Levels and vault maps discovered:
D:1:      dpeg_arrival_concentric_ovals, layout_loops_corners,
          serial_bayou_lake_a
D:2:      layout_loops_ring, serial_forest, infiniplex_forest_corner_2,
          infiniplex_forest_clump_tiny, infiniplex_forest_straight_2,
          infiniplex_forest_end_3, infiniplex_forest_clump_long,
          infiniplex_forest_clump_large, infiniplex_forest_lined_3
D:3:      layout_basic, ebering_ghost_sewer_d, uniq_crazy_yiuf_cottage
D:4:      layout_basic
D:5:      layout_basic, gammafunk_ghost_grave, minmay_manual_moon,
          uniq_menkaure, uniq_prince_ribbit1, uniq_duvessa
D:6:      layout_cave_pools, minmay_temple_entry_junction, uniq_maggie,
          uniq_pikel
D:7:      minmay_bubble_buster, layout_rooms, elyvilon_altar_3,
          nicolae_hepliaklqana_monster_ancestors,
          hangedman_abyss_or_decor_lesser_grid
D:8:      layout_cave_pods, special_room [special_room_orc], grunt_ministairs_9
D:9:      layout_long_grid, uniq_erica
D:10:     minmay_sliced_demisemicircle, layout_basic, dpeg_oklobed_lair,
          serial_shops, shop_statue, kennysheep_kite_vault, uniq_harold
Temple:   mainiacjoe_temple_cubbyholes

Skill      XL: |  1  2  3  4  5  6  7  8  9 10 11 12 |
---------------+-------------------------------------+-----
Fighting       | 3 4 5 7 8 10 | 10.3
Staves         | 4 5 6 8 10 12 14 | 14.0
Shields        | 6 10 11 | 11.5
Armour         | 4 7 |  7.1
Spellcasting   | 3 5 |  5.9
Throwing       | |  1.7
Dodging        | |  2.4

Action                   |  1- 3 |  4- 6 |  7- 9 | 10-12 || total
-------------------------+-------+-------+-------+-------++-------
Melee: Quarterstaff      |    86 |   119 |   180 |   571 ||   956
Throw: Dart              |       |       |       |     6 ||     6
Invok: Curse Item        |       |       |       |     1 ||     1
Evoke: Wand              |       |       |       |    13 ||    13
  Use: Scroll            |       |     6 |       |    14 ||    20
       Potion            |       |     1 |       |     9 ||    10
 Stab: Sleeping          |     1 |       |       |     1 ||     2
       Confused          |       |       |       |     3 ||     3
Armor: Leather armour    |    28 |    44 |   104 |    13 ||   189
       Steam dragon scal |       |       |       |   151 ||   151
       Skin              |       |       |       |    50 ||    50
Dodge: Dodged            |    41 |    83 |    87 |   237 ||   448

Table legend: (Time is in decaauts)
 A = Elapsed time spent in this place.
 B = Non-inter-level travel time spent in this place.
 C = Inter-level travel time spent in this place.
 D = Time resting spent in this place.
 E = Time spent auto-exploring this place.
 F = Levels seen in this place.
 G = Mean time per level.
                   A        B        C        D        E       F      G
               +--------+--------+--------+--------+--------+-----+--------+
         Total |  12694 |  12161 |    533 |    239 |   9971 |  11 | 1154.0 |
       Dungeon |  12333 |  11862 |    471 |    239 |   9683 |  10 | 1233.3 |
        Temple |    360 |    298 |     62 |      0 |    288 |   1 |  360.0 |
               +--------+--------+--------+--------+--------+-----+--------+

Top non-repeatable levels by time:
    D:10: 1644 daAuts
     D:5: 1541 daAuts
     D:3: 1540 daAuts
     D:4: 1439 daAuts
     D:8: 1380 daAuts
     D:1: 1137 daAuts
     D:9: 1112 daAuts
     D:7: 954 daAuts
     D:2: 826 daAuts
     D:6: 756 daAuts
  Temple: 360 daAuts
